 Dungeon Crawl Stone Soup version 0.24.0-13-gcf9b319 (webtiles) character file.

Game seed: 17292360865580737374, levelgen mode: deterministic

275 sweetbreads the Digger (level 6, -1/32 HPs)
             Began as a Gargoyle Earth Elementalist on Mar 24, 2020.
             Slain by a hobgoblin
             ... wielding a +0 club
              (4 damage)
             ... on level 3 of the Dungeon.
             The game lasted 00:18:40 (2984 turns).

sweetbreads the Digger (GrEE)                       Turns: 2984, Time: 00:18:41

Health: -1/32      AC:  6    Str: 11 (12) XL:     6   Next: 24%
Magic:  1/12       EV: 17    Int: 14 (17) God:
Gold:   123        SH:  0    Dex: 13 (15) Spells: 10/14 levels left

rFire    . . .     SeeInvis .   a - +0 flail
rCold    . . .     Gourm    .   (no shield)
rNeg     + . .     Faith    .   c - +0 robe
rPois    ∞         Spirit   .   (no helmet)
rElec    +         Reflect  .   (no cloak)
rCorr    .         Harm     .   (no gloves)
MR       .....                  (no boots)
Stlth    +++.......             (no amulet)
HPRegen  0.10/turn              (no ring)
MPRegen  0.13/turn              (no ring)

@: agile, hasted, very quick
A: negative energy resistance 1, electricity resistance, unbreathing,
petrification resistance, rot immunity, AC +4
a: no special abilities


You were on level 3 of the Dungeon.
You were hungry.

You visited 1 branch of the dungeon, and saw 4 of its levels.

You collected 123 gold pieces.

Inventory:

Hand Weapons
 a - a +0 flail (weapon)
 f - a +0 club
 l - a +0 whip
 n - a +1 whip of pain
 t - a +0 mace
 v - a cursed -1 rapier
Missiles
 p - a throwing net (quivered)
Armour
 b - the +0 robe of Giro {Int+3, unknown}
   (You found it on level 4 of the Dungeon)

   It affects your intelligence (+3).
 c - a +0 robe (worn)
Jewellery
 s - a +5 ring of evasion {unknown}
 w - an uncursed ring of protection from fire {unknown}
Scrolls
 e - a scroll of fear {unknown}
 g - a scroll of fog {unknown}
 i - 2 scrolls of identify {unknown}
 j - a scroll of amnesia {unknown}
 m - 5 scrolls of remove curse {unknown}
 q - a scroll of teleportation {unknown}
Comestibles
 d - 2 rations


   Skills:
 + Level 0.1 Fighting
 - Level 1.0 Maces & Flails
 - Level 1.5 Dodging
 + Level 2.2 Stealth
 + Level 4.6 Spellcasting
   Level 0.7 Transmutations
 + Level 5.6 Earth Magic


You had 10 spell levels left.
You knew the following spells:

 Your Spells              Type           Power        Failure   Level  Hunger
a - Sandblast             Erth           ###...       1%          1    None
b - Stone Arrow           Conj/Erth      ##....       17%         3    ###....

Your spell library contained the following spells:

 Spells                   Type           Power        Failure   Level  Hunger
 Passwall                 Tmut/Erth      ##......     8%          2    ##.....
 Petrify                  Tmut/Erth      ##......     43%         4    ####...
 Lee's Rapid Deconstruct  Erth           ###.......   45%         5    ######.


Dungeon Overview and Level Annotations

Branches:
Dungeon (4/15)
 Temple: D:4-7

Altars:

Annotations:
D:4 Dowan, Duvessa


Innate Abilities, Weirdness & Mutations

You are resistant to torment.
Your stone body is resilient. (AC +4)
You are immune to poison.
You resist negative energy. (rN+)
You are resistant to electric shocks. (rElec)
You can survive without breathing.
You are immune to petrification.
You are immune to rotting.


Message History

Aim: an orc, wielding a +0 hand axe (heavily wounded)
The stone arrow hits the orc!
You kill the orc!
The dart slug bites you.
* * * LOW HITPOINT WARNING * * *
You sock the dart slug!
The dart slug is severely wounded.
The hobgoblin hits you but does no damage.
You barely miss the dart slug.
The dart slug is severely wounded.
The dart slug launches a dart at you. The slug dart misses you.
You barely miss the dart slug.
The dart slug is severely wounded.
The hobgoblin hits you with a +0 club.
* * * LOW HITPOINT WARNING * * *
You hit the dart slug but do no damage.
The dart slug is severely wounded.
The dart slug closely misses you. The hobgoblin hits you with a +0 club.
You die...

###.....w......#
#.........)..#
##
##########.).#
#. #...# #.
#...# #. #...#
###########.
#%..#
#...........
#wg.#
#..........)
#@..#
#...........
#####
#...........
#...........
#...........
#...........
#...........
#...........
#...........
#...........


You could see a dart slug and a hobgoblin.

Vanquished Creatures
  A howler monkey (D:4)
  An iguana (D:4)
  Natasha (D:4)
  7 gnolls
  A howler monkey skeleton (D:4)
  3 adders
  An ooze (D:3)
  A worm (D:2)
  A dart slug (D:2)
  A leopard gecko (D:4)
  6 orcs
  2 ball pythons
  5 bats
  7 hobgoblins
  11 jackals
  2 kobolds
  3 quokkas
  3 frilled lizards
  8 goblins
  A leopard gecko skeleton (D:4)
  2 rats (D:3)
68 creatures vanquished.

Notes
Turn   | Place    | Note
-------+----------+-------------------------------------------
     0 | D:1      | sweetbreads the Gargoyle Earth Elementalist began the quest
                  | for the Orb.
     0 | D:1      | Reached XP level 1. HP: 10/10 MP: 3/3
   187 | D:1      | Reached skill level 4 in Earth Magic
   199 | D:1      | Reached XP level 2. HP: 14/15 MP: 0/5
   988 | D:2      | Reached XP level 3. HP: 19/19 MP: 4/6
   995 | D:1      | Learned a level 3 spell: Stone Arrow
  1259 | D:2      | Reached XP level 4. HP: 18/24 MP: 3/8
  1980 | D:3      | Reached skill level 5 in Earth Magic
  1980 | D:3      | Reached XP level 5. HP: 28/28 MP: 8/10
  2511 | D:4      | Noticed Dowan
  2513 | D:4      | Noticed Duvessa
  2590 | D:4      | Reached skill level 1 in Maces & Flails
  2634 | D:4      | Reached XP level 6. HP: 31/32 MP: 5/12
  2801 | D:4      | Noticed Natasha
  2857 | D:4      | Killed Natasha
  2928 | D:4      | Got a crude robe
  2984 | D:3      | Slain by a hobgoblin

Levels and vault maps discovered:
D:1:      minmay_arrival_solitary_statue, layout_rooms, minmay_door_square
D:2:      layout_loops_ring
D:3:      layout_basic, first_ration, uniq_robin, uniq_sigmund
D:4:      layout_basic, minmay_temple_entry_glassed_door, uniq_menkaure,
          uniq_duvessa, uniq_natasha

Skill      XL: |  1  2  3  4  5 |
---------------+----------------+-----
Earth Magic    | 4 5 |  5.6
Spellcasting   | 3 4 |  4.6
Maces & Flails | 1 |  1.0
Fighting       | |  0.1
Dodging        | |  1.5
Stealth        | |  2.2
Transmutations | |  0.7

Action                   |  1- 3 |  4- 6 || total
-------------------------+-------+-------++-------
Melee: Unarmed           |     1 |       ||     1
       Club              |    14 |       ||    14
       Flail             |     2 |    51 ||    53
 Cast: Sandblast         |    39 |    49 ||    88
       Stone Arrow       |       |    14 ||    14
  Use: Potion            |       |     5 ||     5
 Stab: Sleeping          |       |     2 ||     2
  Eat: Chunk             |     1 |     6 ||     7
Armor: Robe              |    32 |    29 ||    61
Dodge: Dodged            |    33 |    53 ||    86
